 Dungeon Crawl Stone Soup version 0.31-a0-180-g519b7de00c (webtiles) character file.

Game seed: 5462421660009830197

70 qw the Chopper (level 4, -3/28 HPs)
             Began as a Gargoyle Fighter on June 19, 2023.
             Slain by a gnoll
             ... wielding a +0 halberd
              (4 damage)
             ... on level 3 of the Dungeon.
             The game lasted 00:00:37 (1639 turns).

qw the Chopper (Gargoyle Fighter)                   Turns: 1639, Time: 00:00:38

Health: -3/28      AC: 10    Str: 19 (21) XL:     4   Next: 21%
Magic:  4/4        EV:  9    Int:  7 (9)  God:
Gold:   91         SH:  4    Dex:  7 (9)  Spells: 3/3 levels left

rFire   . . .        Y - +0 war axe
rCold   . . .        c - +0 buckler
rNeg    + . .        b - +0 scale mail
rPois   inf          (no helmet)
rElec   +            (no cloak)
rCorr   .            (no gloves)
SInv    .            (no boots)
Will    .....        (no amulet) Stlth
                     (no ring)
HPRegen 0.24/turn    (no ring)
MPRegen 0.09/turn

%: no passive effects
@: no status effects
A: sickness immunity, AC +3, negative energy resistance 1, electricity
resistance, torment resistance 1, petrification resistance
a: no special abilities


You were on level 3 of the Dungeon.
You visited 1 branch of the dungeon, and saw 3 of its levels.

You collected 91 gold pieces.


Innate Abilities, Weirdness & Mutations

You are immune to sickness and miasma.
Your stone body is resilient. (AC +3)
You are immune to poison.
You resist negative energy. (rN+)
You are resistant to electric shocks. (rElec)
You are resistant to unholy torment.
You are immune to petrification.


   Skills:
 - Level 3.2 Fighting
 + Level 3.7 Axes
 - Level 1.0 Throwing
 - Level 3.2 Armour
 - Level 3.2 Shields


You had 3 spell levels left.
You didn't know any spells.
Your spell library was empty.

Inventory:

Hand Weapons
 k - a +0 club
 Y - a +0 war axe (weapon)
Missiles
 e - 4 silver javelins (quivered)
Armour
 b - a +0 scale mail (worn)
 c - a +0 buckler (worn)
Potions
 a - a potion of heal wounds {unknown}
 d - 2 potions of might
 f - a potion of curing {unknown}
 g - a potion of lignification {unknown}
 h - a potion of berserk rage {unknown}

Dungeon Overview and Level Annotations

Branches:
Dungeon (3/15)

Altars:


Message History

The gnoll hits you with a +0 club.
You barely miss the gnoll.
The gnoll is moderately wounded.
A gnoll comes into view. It is wielding a +0 spear.
The gnoll hits you but does no damage. x4
The gnoll shouts!
You slash the gnoll!
You kill the gnoll!
The gnoll closely misses you. The gnoll hits you but does no damage.
You have reached level 4!
You feel clever. The gnoll hits you with a +0 spear.
The gnoll hits you with a +0 halberd.
You hit the gnoll.
The gnoll is moderately wounded.
You closely miss the gnoll. The gnoll hits you with a +0 halberd.
The gnoll hits you but does no damage.
You slash the gnoll!
You kill the gnoll!
You hit the gnoll but do no damage. The gnoll closely misses you.
The gnoll hits you but does no damage.
The gnoll hits you from afar with a +0 spear.
The gnoll barely misses you.
You hit the gnoll.
The gnoll is lightly wounded.
The gnoll completely misses you.
The gnoll hits you from afar with a +0 spear.
You slash the gnoll!
The gnoll is severely wounded.
The gnoll hits you from afar with a +0 spear.
The gnoll hits you with a +0 halberd. x2; The gnoll hits you but does no damage.
You barely miss the gnoll.
The gnoll is severely wounded.
The gnoll hits you from afar with a +0 spear.
You closely miss the gnoll.
The gnoll is severely wounded.
The gnoll hits you from afar with a +0 spear.
The gnoll barely misses you.
You closely miss the gnoll.
The gnoll is severely wounded.
You block the gnoll's attack. The gnoll hits you with a +0 halberd.
You die...

#. ### #. .. #.
#.##(##### .
+..#..... . #......#
#.#.g....#
#.##.#..)...###
#....>.@g......
......
#..###..####### #....
#.............# #...#
#.###########'#+#...#
#..............#
.#........)...#
#.###........# #
+........# #.....##.#


You could see 2 gnolls.

Vanquished Creatures
  2 gnolls (D:3)
  2 adders (D:2)
  2 dart slugs (D:1)
  3 endoplasms
  3 goblins (D:2)
  2 hobgoblins (D:1)
  2 quokkas
  4 ball pythons
  6 bats
  A frilled lizard (D:1)
  A kobold (D:2)
  3 rats
31 creatures vanquished.

Notes
Turn   | Place    | Note
-------+----------+-------------------------------------------
     0 | D:1      | qw the Gargoyle Fighter began the quest for the Orb.
     0 | D:1      | Reached XP level 1. HP: 14/14 MP: 1/1
     0 | D:1      | 0 ||| qw: Version: 0.3-a-7-ge0c9b40
     0 | D:1      | 0 ||| qw: Game counter: 1011
     0 | D:1      | 0 ||| qw: Always use a shield: true
     0 | D:1      | 0 ||| qw: God list: Okawaru
     0 | D:1      | 0 ||| qw: Allow faded altars: false
     0 | D:1      | 0 ||| qw: Do Orc after D:15 true
     0 | D:1      | 0 ||| qw: Do second Lair branch before Depths: true
     0 | D:1      | 0 ||| qw: Lair rune preference: random
     0 | D:1      | 0 ||| qw: Plans: Normal, Zot:1-4, Slime:5, God:TSO, Crypt,
                  | Tomb, Abyss, Pan, Hells, Win
     0 | D:1      | 0 ||| PLANNING D:1-11
    16 | D:1      | 16 ||| Stepping ~*~*~tactically~*~*~ (stealth).
   199 | D:1      | Reached XP level 2. HP: 19/19 MP: 2/2
   242 | D:1      | 242 ||| Stepping ~*~*~tactically~*~*~ (hiding).
   710 | D:1      | 710 ||| READING scroll labelled YNUUPH DONOT.
   808 | D:2      | Reached skill level 3 in Axes
   808 | D:2      | Reached XP level 3. HP: 20/23 MP: 3/3
  1436 | D:2      | Reached skill level 1 in Throwing
  1583 | D:2      | 1583 ||| READING scroll labelled IMAIDAORGHUN.
  1584 | D:2      | 1584 ||| DRINKING 2 clear potions.
  1585 | D:2      | 1585 ||| DROPPING potion of degeneration.
  1609 | D:3      | 1609 ||| Stepping ~*~*~tactically~*~*~ (stealth).
  1626 | D:3      | 1626 ||| Stepping ~*~*~tactically~*~*~ (stealth).
  1632 | D:3      | Reached XP level 4. HP: 27/28 MP: 4/4
  1636 | D:3      | HP: 7/28 [gnoll/+0 spear (3)]
  1636 | D:3      | HP: 3/28 [gnoll/+0 halberd (3)]
  1637 | D:3      | HP: 1/28 [gnoll/+0 spear (2)]
  1639 | D:3      | Slain by a gnoll

Levels and vault maps discovered:
D:1:      lightli_arrival_maybe_door_vault, layout_basic, minmay_pentomino_u4
D:2:      layout_basic
D:3:      layout_basic, serial_shops, nicolae_shop_behind_doors,
          dreamdust_princess_bridge, minmay_guardbox

Skill      XL: |  1  2  3 |
---------------+----------+-----
Axes           | 2 3 |  3.7
Throwing       | 1 |  1.0
Fighting       | |  3.2
Armour         | |  3.2
Shields        | |  3.2

Action                     |  1- 3 |  4- 6 || total
---------------------------+-------+-------++-------
  Melee: War axe           |    83 |     7 ||    90
  Throw: Javelin           |    15 |       ||    15
    Use: Scroll            |     2 |       ||     2
         Potion            |     1 |       ||     1
 Armour: Scale mail        |    52 |     3 ||    55
  Dodge: Dodged            |    37 |     4 ||    41
  Block: Buckler           |    19 |     1 ||    20

Table legend:
 A = Non-vault XP
 B = Vault XP
 C = Vault XP percentage of total XP
 D = Non-vault monster count
 E = Vault monster count
 F = Vault count percentage of total count
                 A         B        C        D         E       F
            +---------+---------+-------+---------+---------+-------
      Total |      92 |       8 |   8.0 |      28 |       3 |   9.7
            +---------+---------+-------+---------+---------+-------
        D:1 |      19 |       8 |  29.6 |      11 |       3 |  21.4
        D:2 |      45 |       0 |   0.0 |      15 |       0 |   0.0
        D:3 |      28 |       0 |   0.0 |       2 |       0 |   0.0
            +---------+---------+-------+---------+---------+-------
